 Dungeon Crawl Stone Soup version 0.30-a0-802-gb92711b (webtiles) character file.

Game seed: 12636703070005521558

441 Illumine the Poker (level 7, 0/55 HPs)
             Began as a Merfolk Gladiator on Feb 23, 2023.
             Was an Initiate of Hepliaklqana.
             Slain by a wraith (9 damage)
             ... on level 5 of the Dungeon.
             The game lasted 00:04:25 (3686 turns).

Illumine the Poker (Merfolk Gladiator)              Turns: 3686, Time: 00:04:25

Health: 0/55       AC:  4    Str: 16    XL:     7   Next: 2%
Magic:  7/7        EV: 15    Int:  7    God:    Hepliaklqana [......]
Gold:   216        SH:  0    Dex: 16    Spells: 6/6 levels left

rFire   . . .      SeeInvis .    a - +0 trident
rCold   . . .      Faith    .    (no shield)
rNeg    . . .      Spirit   .    b - +0 leather armour
rPois   .          Reflect  .    c - +0 helmet
rElec   .          Harm     .    (no cloak)
rCorr   .          Rampage  .    (no gloves)
Will    .....                    (no boots)
Stlth   +                        o - amulet of magic regeneration
HPRegen 0.29/turn                (no ring)
MPRegen 0.50/turn                (no ring)

@: no status effects
A: (nimble swimmer 2), mertail
a: Renounce Religion


You were on level 5 of the Dungeon.
You worshipped Hepliaklqana.
Hepliaklqana was noncommittal.
You visited 2 branches of the dungeon, and saw 6 of its levels.

You collected 216 gold pieces.

Inventory:

Hand Weapons
 a - a +0 trident (weapon)
Missiles
 h - 2 silver javelins (quivered)
 j - 4 curare-tipped darts
Armour
 b - a +0 leather armour (worn)
 c - a +0 helmet (worn)
Jewellery
 n - a ring of wizardry
 o - an amulet of magic regeneration (around neck)
 r - a ring of resist corrosion
 v - a ring of fire
Wands
 q - a wand of polymorph (13)
Scrolls
 f - 2 scrolls of fog
 m - 2 scrolls of teleportation
 u - a scroll of immolation {unknown}
Potions
 i - a potion of berserk rage {unknown}
 k - 4 potions of curing
 l - a potion of degeneration {unknown}
 p - 2 potions of lignification
 s - a potion of cancellation {unknown}
 t - a potion of mutation {unknown}
 w - 2 potions of attraction {unknown}
 x - a potion of magic {unknown}


   Skills:
 + Level 4.9 Fighting
 + Level 6.6 Polearms
 - Level 2.0 Throwing
 + Level 6.6 Dodging


You had 6 spell levels left.
You didn't know any spells.
Your spell library contained the following spells:

 Spells                   Type           Power      Damage    Failure   Level
 Sandblast                Erth           0%         2d4       50%         1
 Blink                    Tloc           0%         N/A       65%         2
 Passwall                 Tmut/Erth      0%         N/A       65%         2
 Sublimation of Blood     Necr           0%         N/A       65%         2
 Stone Arrow              Conj/Erth      0%         3d7       86%         3
 Manifold Assault         Tloc           0%         N/A       99%         4
 Petrify                  Tmut/Erth      0%         N/A       99%         4
 Irradiate                Conj/Tmut      0%         3d11      100%        5
 Storm Form               Tmut/Air       0%         N/A       100%        7


Dungeon Overview and Level Annotations

Branches:
Dungeon (5/15)             Temple (1/1) D:4

Altars:
Hepliaklqana
Kikubaaqudgha
Ru

Shops:
D:2 =   D:4 *

Annotations:
D:4 Eustachio, Pikel


Innate Abilities, Weirdness & Mutations

((You are very nimble when in or above water. (Stealth+, EV+, Speed+++)))
Your lower body shifts to a powerful aquatic tail in water.


Message History

You hit the wraith but do no damage.
The wraith is almost destroyed.
The wraith barely misses you.
You hit the wraith.
The wraith is almost destroyed.
The wraith hits you. x2
You hit the wraith but do no damage.
The wraith is almost destroyed.
The wraith hits you.
* * * LOW HITPOINT WARNING * * *
You hit the wraith but do no damage.
The wraith is almost destroyed.
The wraith barely misses you. The wraith hits you!
* * * LOW HITPOINT WARNING * * *
Throw: 2 throwing nets
Press: ? - help, Q - select action, (/) - cycle Shift-Dir - straight line, f - wraith
Aim: a wraith (almost destroyed, 63% to hit, immune to nets)
You throw a throwing net. The throwing net hits the wraith.
The net passes right through the wraith!
The wraith is almost destroyed.
You feel yourself speed up. The wraith barely misses you.
Throw: throwing net
Press: ? - help, Q - select action, (/) - cycle Shift-Dir - straight line, f/p - wraith
Aim: a wraith (almost destroyed, 63% to hit, immune to nets)
You throw a throwing net.
The throwing net completely misses the wraith.
The wraith closely misses you.
Throw: javelin
Press: ? - help, Q - select action, (/) - cycle Shift-Dir - straight line, f/p - wraith
Aim: a wraith (almost destroyed, 63% to hit)
You throw a javelin. The javelin barely misses the wraith.
The wraith barely misses you.
Throw: 3 javelins (silver)
Press: ? - help, Q - select action, (/) - cycle Shift-Dir - straight line, f/p - wraith
Aim: a wraith (almost destroyed, 63% to hit)
You throw a silver javelin.
The silver javelin closely misses the wraith.
The wraith hits you!
You die...

####....[........##.#
#....###.....###..#.##
#.##.....###.# ##.#..#
#.#..##### #.# #.##.#
....## ##.####....#
..###### #....#######
........###....##
..#####.........######
### ####....)@W..(#
#....#####..# #....#
#....# ######


You could see a wraith.

Vanquished Creatures
  A water moccasin (D:5)
  A centaur (D:5)
  A lemure (D:4)
  A scorpion (D:5)
  Terence (D:3)
  An iguana (D:5)
  Natasha (D:4)
  4 adders
  An ufetubus (D:5)
  2 worms
  3 dart slugs
  An orc (D:3)
  5 bats
  8 endoplasms
  2 giant cockroaches
  2 goblins
  7 hobgoblins
  3 jackals (D:1)
  7 kobolds
  3 quokkas
  8 ball pythons
  4 frilled lizards
  7 rats
74 creatures vanquished.

Notes
Turn   | Place    | Note
-------+----------+-------------------------------------------
     0 | D:1      | Illumine the Merfolk Gladiator began the quest for the Orb.
     0 | D:1      | Reached XP level 1. HP: 16/16 MP: 1/1
    86 | D:1      | Reached XP level 2. HP: 20/23 MP: 2/2
   235 | D:1      | Reached XP level 3. HP: 24/28 MP: 3/3
   724 | D:2      | Found a faded altar of an unknown god.
   749 | D:2      | Reached XP level 4. HP: 26/35 MP: 4/4
   934 | D:2      | Found Venenua's Jewellery Shoppe.
  1111 | D:2      | Reached skill level 5 in Dodging
  1112 | D:2      | Reached skill level 5 in Polearms
  1476 | D:3      | Noticed Terence
  1498 | D:3      | Killed Terence
  1735 | D:3      | Reached XP level 5. HP: 37/42 MP: 5/5
  2357 | D:4      | Found Dyuraxikysch's General Store.
  2390 | D:4      | Found Japivur's General Store.
  2403 | D:4      | Found a staircase to the Ecumenical Temple.
  2414 | Temple   | Entered the Ecumenical Temple
  2437 | Temple   | Became a worshipper of Hepliaklqana the Forgotten
  2474 | D:4      | Noticed a lemure
  2474 | D:4      | Noticed a lemure
  2509 | D:4      | Killed a lemure
  2599 | D:4      | Noticed Eustachio
  2631 | D:4      | Noticed Pikel
  2632 | D:4      | Noticed a lemure
  2633 | D:4      | Noticed a lemure
  2847 | D:4      | Noticed Natasha
  2850 | D:5      | Entered Level 5 of the Dungeon
  2944 | D:4      | Killed Natasha
  3112 | D:5      | Reached XP level 6. HP: 41/48 MP: 6/6
  3259 | D:5      | Noticed a water moccasin
  3272 | D:5      | Killed a water moccasin
  3570 | D:5      | Reached XP level 7. HP: 42/55 MP: 7/7
  3658 | D:5      | Noticed a wraith
  3686 | D:5      | Slain by a wraith

Illustrated notes

Levels and vault maps discovered:
D:1:      sevenhm_arrival_forest_fort_large_2, layout_rooms
D:2:      layout_basic, serial_shops, nicolae_shop_stone,
          hellmonk_ecumenical_altar_zigzags, minmay_misc_feat_nine_boxes,
          minmay_hedge_maze
D:3:      layout_basic, uniq_terence
D:4:      layout_basic, minmay_temple_entry_water_ring, serial_shops, shop,
          shop, uniq_pikel, uniq_natasha, uniq_eustachio
D:5:      layout_rooms, kennysheep_windowed_goal
Temple:   roderic_octagonal_lattice_temple

Skill      XL: |  1  2  3  4  5  6 |
---------------+-------------------+-----
Fighting       | 3 4 |  4.9
Dodging        | 5 6 |  6.6
Polearms       | 5 6 |  6.6
Throwing       | |  2.0

Action                     |  1- 3 |  4- 6 |  7- 9 || total
---------------------------+-------+-------+-------++-------
  Melee: Trident           |    95 |   171 |    22 ||   288
         Punch             |       |     1 |     1 ||     2
  Throw: Throwing net      |       |     4 |     2 ||     6
         Javelin           |       |       |     2 ||     2
    Use: Potion            |       |     2 |       ||     2
         Scroll            |       |     3 |       ||     3
   Stab: Distracted        |       |     1 |       ||     1
         Sleeping          |       |     1 |       ||     1
 Armour: Leather armour    |    16 |    31 |     4 ||    51
  Dodge: Dodged            |    50 |   126 |    21 ||   197

Table legend: (Time is in decaauts)
 A = Elapsed time spent in this place.
 B = Non-inter-level travel time spent in this place.
 C = Inter-level travel time spent in this place.
 D = Time resting spent in this place.
 E = Time spent auto-exploring this place.
 F = Levels seen in this place.
 G = Mean time per level.
                   A        B        C        D        E       F      G
               +--------+--------+--------+--------+--------+-----+--------+
         Total |   3704 |   3517 |    187 |    625 |   2181 |   6 |  617.3 |
       Dungeon |   3664 |   3492 |    172 |    625 |   2165 |   5 |  732.8 |
        Temple |     39 |     24 |     15 |      0 |     16 |   1 |   39.0 |
               +--------+--------+--------+--------+--------+-----+--------+

Top non-repeatable levels by time:
     D:3: 1193 daAuts
     D:5: 785 daAuts
     D:2: 772 daAuts
     D:1: 583 daAuts
     D:4: 329 daAuts
  Temple: 39 daAuts
